Map: New Repugnancy LE

Players

XYTStephen

  • Race: Protoss Protoss
  • League: Platinum
  • Spawn Location: 7:00

Smeeeger - Winner!

  • Race: Zerg Zerg
  • League: Platinum
  • Spawn Location: 1:00

VOD

Have the link to the VOD?

Description

Time

  • Played on: July 21, 2019, 9:06 a.m.
  • Length: 8:53
Show
View Real Time Build Order
Export as new Build Order

XYTStephen Protoss 

Build Orders: 1 Gate Expand, Zealot Archon, Dark Templar Rush 

Get SALT Encoding   

  12  0:03  Probe  
  13  0:15  Probe  
  14  0:22  Pylon  
  14  0:28  Probe  
  15  0:39  Probe  
  16  0:47  Gateway, Probe  
  17  1:10  Probe  
  18  1:13  Assimilator  
  18  1:22  Probe  
  19  1:34  Probe  
  19  1:38  Nexus  
  20  1:45  Cybernetics Core  
  20  1:47  Probe  
  21  1:52  Assimilator  
  21  1:59  Probe  
  22  2:03  Pylon  
  22  2:09  Probe  
  23  2:17  Probe  
  23  2:21  Warp Gate  
  24  2:23  Adept  
  26  2:33  Probe  
  27  2:37  Twilight Council  
  27  2:41  Probe  
  27  2:50  Probe x2  
  29  2:55  Gateway  
  30  3:02  Probe  
  30  3:03  Probe  
  32  3:09  Stalker, Pylon  
  32  3:14  Probe  
  33  3:32  Probe  
  32  3:40  Probe  
  32  3:46  Probe  
  33  3:50  Probe  
  33  3:54  Probe, Dark Shrine  
  34  3:56  Robotics Facility  
  34  3:58  Probe  
  34  4:02  Probe  
  36  4:04  Assimilator  
  36  4:06  Probe  
  36  4:08  Assimilator  
  37  4:13  Probe  
  37  4:15  Stalker x2  
  43  4:18  Probe  
  38  4:32  Probe x2  
  39  4:39  Stalker x2  
  38  4:46  Warp Prism, Probe x2  
  42  5:02  Probe x2  
  44  5:20  Stalker  
  46  5:23  Gateway, Probe x2  
  46  5:24  Gateway  
  48  5:30  Dark Templar  
  51  5:35  Probe x2  
  52  5:46  Observer  
  52  5:47  Probe  
  54  5:55  Pylon  
  54  5:58  Pylon  
  54  6:01  Pylon  
  54  6:10  Nexus  
  54  6:11  Pylon  
  54  6:13  Probe x2  
  54  6:14  Pylon  
  56  6:19  Dark Templar x2  
  60  6:25  Probe  
  60  6:27  Archon  
  60  6:31  Dark Templar  
  63  6:36  Probe  
  63  6:38  Probe  
  65  6:43  Archon  
  65  6:48  Zealot, Probe  
  65  6:50  Probe  
  69  6:59  Robotics Bay  
  69  7:00  Probe  
  70  7:02  Probe  
  70  7:03  Forge, Zealot x3  
  70  7:05  Immortal  
  81  7:12  Probe  
  82  7:21  Probe  
  83  7:24  Probe  
  83  7:29  Zealot  
  86  7:30  Zealot x3  
  86  7:33  Shield Battery  
  86  7:34  Shield Battery  
  86  7:36  Shield Battery  
  81  7:56  Zealot x4  
  81  8:10  Gateway  
  81  8:11  Gateway  
  81  8:13  Gateway  
  81  8:23  Zealot  
  81  8:24  Pylon  
  81  8:26  Pylon  
  83  8:29  Dark Templar x3  
Show
View Real Time Build Order
Export as new Build Order

Smeeeger Zerg - Winner!

Build Orders: Hatch First 

Get SALT Encoding   

  12  0:06  Drone  
  13  0:14  Overlord  
  13  0:27  Drone  
  14  0:32  Drone x2  
  16  0:39  Drone  
  17  0:50  Drone  
  18  1:05  Hatchery  
  18  1:07  Extractor  
  18  1:08  Drone  
  17  1:17  Drone  
  18  1:21  Spawning Pool  
  18  1:24  Drone  
  18  1:33  Drone  
  19  1:43  Overlord  
  19  2:14  Drone  
  20  2:17  Queen  
  20  2:18  Queen  
  24  2:24  Hatchery, Zergling x2  
  24  2:25  Zergling x2  
  24  2:29  Zergling x2  
  26  2:34  Metabolic Boost  
  26  2:46  Drone x3  
  26  2:47  Drone  
  30  2:55  Queen  
  32  3:02  Overlord  
  32  3:06  Overlord  
  32  3:17  Zergling x6  
  32  3:18  Zergling x2  
  34  3:46  Drone x3  
  34  3:47  Drone, Queen  
  39  3:49  Drone x4  
  43  4:00  Lair  
  43  4:05  Drone, Roach Warren  
  43  4:06  Drone, Evolution Chamber  
  41  4:24  Drone x3  
  41  4:25  Drone x5  
  41  4:26  Overlord  
  49  4:39  Zergling x2  
  49  4:40  Zergling x8  
  53  4:57  Spore Crawler  
  53  4:58  Drone x3  
  54  5:03  Spore Crawler  
  54  5:04  Extractor  
  54  5:06  Drone x3, Extractor  
  54  5:07  Drone x3  
  56  5:24  Spore Crawler  
  56  5:25  Drone x3  
  56  5:26  Drone  
  59  5:30  Overseer  
  59  5:31  Overseer  
  59  5:38  Drone  
  60  5:43  Queen  
  62  5:50  Drone x2  
  62  5:51  Drone x2, Extractor  
  62  5:53  Extractor  
  62  5:55  Drone x2  
  62  5:56  Glial Reconstitution  
  66  5:57  Zerg Missile Weapons Level 1  
  66  6:09  Overlord  
  66  6:10  Overlord x2  
  66  6:11  Overlord  
  66  6:26  Extractor  
  66  6:28  Infestation Pit  
  66  6:32  Roach x8  
  80  6:42  Drone x2  
  80  6:43  Drone x3  
  80  6:44  Drone  
  80  6:45  Drone x3  
  89  6:55  Drone  
  89  6:57  Roach x3  
  96  7:03  Pneumatized Carapace  
  96  7:04  Overlord  
  96  7:05  Overlord x3  
  96  7:15  Hatchery  
  94  7:32  Roach x2  
  94  7:33  Roach x3  
  94  7:34  Roach x3  
  94  7:35  Roach x3  
  110  7:45  Roach x7  
  122  7:56  Roach  
  122  7:57  Roach x5  
  116  8:14  Drone x3  
  116  8:15  Drone x3  
  122  8:32  Roach x7  
Tags
 
Add a new tag
Caveats
  • Supply blocks, unpowered buildings, or Contaminate may cause inaccurate times.
  • Supply counts are checked every 10 seconds.